 Dungeon Crawl Stone Soup version 0.30-a0-777-ga9a30cbeda (webtiles) character file.

Game seed: 7249692334369500160

68397 Esekla the Thaumaturge (level 15, -3/118 HPs)
             Began as a Vine Stalker Delver on Feb 13, 2023.
             Was a High Priest of Vehumet.
             Slain by an orc warrior
             ... wielding a +0 scimitar
              (5 damage)
             ... on level 2 of the Orcish Mines.
             The game lasted 02:45:22 (23467 turns).

Esekla the Thaumaturge (Vine Stalker Delver)       Turns: 23467, Time: 02:45:23

Health: -3/118     AC: 31    Str: 15    XL:     15   Next: 26%
Magic:  0/30       EV:  2    Int: 16    God:    Vehumet [*****.]
Gold:   1311       SH:  0    Dex: 21    Spells: 12/35 levels left

rFire   . . .      SeeInvis .    v - +0 dagger (venom)
rCold   . . .      Faith    .    (no shield)
rNeg    . . .      Spirit   +    (body armour currently unavailable)
rPois   +          Reflect  .    (helmet currently unavailable)
rElec   .          Harm     .    (cloak currently unavailable)
rCorr   .          Rampage  .    (gloves currently unavailable)
Will    +....      NoTele   +    (boots currently unavailable)
Stlth   +++++                    q - amulet of magic regeneration
HPRegen 1.19/turn                h - +6 ring of dexterity
MPRegen 0.62/turn                i - +4 ring of protection

@: tree-form, marked, very slightly contaminated
A: stationary, stasis, torment immunity, boosted hp, (fangs 3), regeneration 1,
magic shield, (antimagic bite), no potion heal 2, clumsy 1
a: Renounce Religion


You were on level 2 of the Orcish Mines.
You worshipped Vehumet.
Vehumet was extremely pleased with you.
You were a tree.
You visited 4 branches of the dungeon, and saw 20 of its levels.

You collected 1611 gold pieces.
You spent 300 gold pieces at shops.

Inventory:

Hand Weapons
 a - a +1 scimitar of flaming
 c - a +3 long sword
 r - a +2 trident of venom
 s - a +3 dagger of freezing
 v - a +0 dagger of venom (weapon)
 L - a +3 scimitar
Missiles
 b - 9 boomerangs (quivered)
 d - 29 poisoned darts
 k - 2 throwing nets
 M - 7 javelins
Armour
 m - a +0 troll leather armour (melded)
 o - a +0 robe of cold resistance
 p - a +0 kite shield
 x - a +2 ring mail of fire resistance
 y - a +0 helmet (melded)
 H - +0 steam dragon scales
 N - a +2 cloak of preservation (melded)
 R - the +2 robe of Death's Door {rPois}
   (You took it off a deep elf pyromancer on level 1 of the Orcish Mines)

   rPois:     It protects you from poison.
Jewellery
 h - a +6 ring of dexterity (left branch)
 i - a +4 ring of protection (right branch)
 q - an amulet of magic regeneration (around neck)
 A - a ring of see invisible
Wands
 g - a wand of digging (5)
 t - a wand of paralysis (27)
 w - a wand of flame (13)
 E - a wand of light (2)
 I - a wand of iceblast (8)
Scrolls
 e - 7 scrolls of enchant armour
 l - a scroll of torment {unknown}
 u - 2 scrolls of amnesia
 G - a scroll of enchant weapon {unknown}
 J - 5 scrolls of magic mapping
 K - a scroll of acquirement {unknown}
Potions
 f - 4 potions of curing
 j - 2 potions of lignification
 n - 3 potions of might
 B - 7 potions of invisibility
 C - a potion of brilliance
 D - a potion of cancellation
 O - a potion of flight
 Q - a potion of resistance
 S - 5 potions of ambrosia


   Skills:
 + Level 9.0 Fighting
 + Level 6.2(8.9) Short Blades
 + Level 9.9(10.6) Long Blades
 + Level 4.1 Throwing
 + Level 4.0 Armour
 + Level 5.9 Dodging
 - Level 10.1 Stealth
 + Level 2.4 Shields
 * Level 10.5 Spellcasting
 + Level 6.6 Conjurations
 * Level 4.6 Necromancy
 * Level 6.8 Transmutations
 + Level 7.6 Fire Magic
 + Level 3.2 Air Magic
 * Level 4.1 Earth Magic
 + Level 5.7 Poison Magic
 + Level 1.5 Evocations


You had 12 spell levels left.
You knew the following spells:

 Your Spells              Type           Power      Damage    Failure   Level
d - Vampiric Draining     Necr           23%        2d7       4%          3
e - Searing Ray           Conj           58%        2d6       1%          2
i - Irradiate             Conj/Tmut      14%        3d16      4%          5
l - Fireball              Conj/Fire      15%        3d8       3%          5
n - Ignite Poison         Fire/Tmut/Pois 30%        N/A       1%          3
o - Scorch                Fire           64%        2d8       1%          2
q - Swiftness             Air            18%        N/A       7%          3

Your spell library contained the following spells:

 Spells                   Type           Power      Damage    Failure   Level
 Lightning Bolt           Conj/Air       12%        1d25      9%          5
 Necrotise                Necr           92%        1d8       1%          1
 Passwall                 Tmut/Erth      21%        N/A       1%          2
 Dazzling Flash           Conj/Hex       36%        N/A       1%          3
 Hailstorm                Conj/Ice       18%        3d6       1%          3
 Flame Wave               Conj/Fire      31%        2d9       1%          4
 Iskenderun's Mystic Bla  Conj/Tloc      18%        2d6       6%          4
 Lee's Rapid Deconstruct  Erth           10%        3d8*      12%         5
 Ensorcelled Hibernation  Hex/Ice        16%        N/A       13%         2
 Blade Hands              Tmut           15%        N/A       14%         5
 Starburst                Conj/Fire      15%        6d6       17%         6
 Ice Form                 Ice/Tmut       19%        N/A       22%         4
 Eringya's Noxious Bog    Tmut/Pois      14%        N/A       24%         6
 Anguish                  Hex/Necr       7%         N/A       32%         4
 Leda's Liquefaction      Hex/Erth       7%         N/A       36%         4
 Agony                    Necr           23%        N/A       36%         5
 Statue Form              Tmut/Erth      17%        N/A       80%         6
 Summon Forest            Summ/Tloc      4%         N/A       94%         5
 Simulacrum               Ice/Necr       7%         N/A       99%         6
 Dragon Form              Tmut           15%        N/A       99%         7
 Summon Cactus Giant      Summ           4%         N/A       100%        6
 Enfeeble                 Hex            4%         N/A       100%        7
 Summon Hydra             Summ           4%         N/A       100%        7


Dungeon Overview and Level Annotations

Branches:
Dungeon (12/15)            Temple (1/1) D:5            Lair (5/5) D:10
 Shoals (0/4) Lair:2        Snake (0/4) Lair:2        Slime (0/5) Lair:5
    Orc (2/2) D:12
    Elf: Orc:2

Altars:
Ashenzari
Cheibriados
Dithmenos
Elyvilon
Gozag
Hepliaklqana
Kikubaaqudgha
Makhleb
Nemelex Xobeh
Qazlal
Ru
Uskayaw
Vehumet
Wu Jian
Xom
Yredelemnul
Jiyva

Shops:
D:1 =   D:8 [=

Annotations:
D:7 4 runed translucent doors, pokeman's ghost, novice DEHW
D:9 1 runed translucent door, cheesebisquit's ghost, novice MiFi
Lair:3 exclusion: 2 oklob plants
Lair:5 5 runed translucent doors, cforsyth's ghost, journeyman TeSu


Innate Abilities, Weirdness & Mutations

You are a tree.
Your roots penetrate the ground, keeping you stationary.
You cannot be teleported.
You are immune to unholy pain and torment.
Your maximum health is greatly increased.
Your equipment is partially melded.
((You have razor-sharp teeth.))
Your natural rate of healing is unusually fast.
When hurt, damage is shared between your health and your magic reserves.
((Your bite disrupts and absorbs the magic of your enemies.))
Potions cannot restore your health.
You are clumsy. (Dex -2)


Message History

The ogre twists and deforms.
The orc warrior is blasted with magical radiation!!
The orc warrior is severely wounded.
The orc warrior twists and deforms.
The troll is blasted with magical radiation!!
The troll is severely wounded.
You are very lightly contaminated with residual magic.
The orc warrior hits you but does no damage.
The ogre hits you but does no damage.
The gnoll hits you from afar with a +0 spear.
* * * LOW HITPOINT WARNING * * *
The gnoll hits you but does no damage. The troll bites you but does no damage.
The troll claws you but does no damage. x2; The orc warrior barely misses you.
Casting: Irradiate (dangerous; 4% risk of failure)
Confirm with . or Enter, or press ? or * to list all spells.
You erupt in a fountain of uncontrolled magic!
The orc warrior is blasted with magical radiation.
The orc warrior is lightly wounded.
The orc warrior is blasted with magical radiation!!
The orc warrior is severely wounded.
The orc warrior is blasted with magical radiation!!
The orc warrior is almost dead.
The orc warrior twists and deforms.
The orc warrior is blasted with magical radiation!!
The orc warrior is almost dead.
The ogre is blasted with magical radiation!!
You kill the ogre!
Vehumet accepts your kill.
The orc warrior is blasted with magical radiation!
The orc warrior is almost dead.
The troll is blasted with magical radiation!!
You kill the troll!
Vehumet accepts your kill.
You feel your power returning.
The orc warrior hits you but does no damage.
The gnoll hits you but does no damage. x2; The orc hits you but does no damage.
The orc warrior hits you with a +0 flail.
* * * LOW HITPOINT WARNING * * *
The orc warrior hits you with a +0 scimitar.
You die...

.## ....# .#....#### ### ##
.......#.###.## ##$##.
..........#...###.....
#..............#....#
.#...#.#.....g..#oO.##.
......#...#..#o)ooo....
.........#o##§#♣{o.....
........#...ogooooo......P.
#......#.....oooo..$....P.8
.##..........oh.O.....#.....
..#...#...............#.....
..#....#.............O....
........................
......................##
...)<...............<..#


You could see a warg, 13 orc warriors, 3 ogres, an orc priest, 2 gnolls and 3
orcs.

Vanquished Creatures
  Gastronok (D:10)
  An orc warlord (Orc:1)
  Josephine (D:10)
  Erolcha (D:9)
  3 hydras
  A catoblepas (Lair:2)
  2 two-headed ogres
  Erica (D:8)
  2 boulder beetles (D:11)
  2 orc high priests (Orc:2)
  Urug (D:10)
  A skyshark (Lair:5)
  A lindwurm (Lair:5)
  An orc knight (Orc:1)
  3 deep elf pyromancers (Orc:1)
  5 deep elf zephyrmancers (Orc:1)
  6 orc sorcerers
  A cyclops (D:12)
  33 elephants
  Maurice (D:10)
  11 black mambas
  Joseph (D:9)
  2 molten gargoyles (Lair:5)
  3 gargoyles
  Maggie (D:7)
  16 cane toads
  3 unseen horrors
  3 rime drakes
  2 kobold demonologists
  13 komodo dragons
  9 trolls
  A queen bee (Lair:2)
  2 hornets
  4 blink frogs (Lair:1)
  A polar bear (Lair:4)
  7 dream sheep (Lair:5)
  6 slime creatures (D:12)
  3 wraiths
  8 basilisks
  8 wyverns
  32 yaks
  5 steam dragons
  17 water moccasins
  4 hell hounds (Lair:5)
  15 orc warriors
  2 black bears
  2 sky beasts
  5 ogres
  4 wolves
  4 centaurs
  2 kobold brigands
  2 phantoms
  16 bullfrogs
  3 necrophages
  3 scorpions
  2 gnoll sergeants
  11 wights
  30 killer bees
  An electric eel (Lair:3)
  4 howler monkeys
  5 lava snakes (Lair:5)
  3 jellies (D:7)
  11 orc priests
  A gnoll bouda (D:6)
  2 hounds
  Ijyb (D:3)
  2 iguanas
  14 orc wizards
  Natasha (thrice) (D:2)
  4 hell rats (Lair:5)
  18 gnolls
  20 adders
  4 white imps
  2 ufetubi
  6 worms
  3 dart slugs
  51 orcs
  4 ball pythons
  8 endoplasms
  4 giant cockroaches
  17 goblins
  5 hobgoblins
  7 jackals
  3 quokkas
  5 bats
  4 frilled lizards
  14 kobolds
  2 rats
559 creatures vanquished.

Vanquished Creatures (others)
  A deep elf pyromancer (Orc:1)
  An orc priest (Orc:1)
  2 orcs
  82 fungi
  123 plants
209 creatures vanquished.

Grand Total: 768 creatures vanquished

Notes
Turn   | Place    | Note
-------+----------+-------------------------------------------
     0 | D:5      | Esekla the Vine Stalker Delver began the quest for the Orb.
     0 | D:5      | Reached XP level 1. HP: 11/11 MP: 2/2
    14 | D:5      | Found a staircase to the Ecumenical Temple.
    31 | Temple   | Entered the Ecumenical Temple
   157 | Temple   | Became a worshipper of Vehumet
   219 | D:5      | Noticed a centaur
   406 | D:4      | Reached XP level 2. HP: 9/16 MP: 1/3
   666 | D:4      | Reached XP level 3. HP: 19/19 MP: 4/4
   829 | D:3      | Found a stormy altar of Qazlal.
   831 | D:3      | Found a burning altar of Makhleb.
   832 | D:3      | Found a basalt altar of Yredelemnul.
   832 | D:3      | Found a hide-covered altar of Uskayaw.
   963 | D:2      | Reached skill level 1 in Spellcasting
  1027 | D:2      | Reached * piety under Vehumet
  1027 | D:2      | Offered knowledge of Foxfire by Vehumet.
  1105 | D:1      | Gained mutation: Your natural rate of healing is unusually
                  | fast. [Vine Stalker growth]
  1105 | D:1      | Reached XP level 4. HP: 24/24 MP: 6/6
  1499 | D:1      | Found Irizai Neur's Jewellery Boutique.
  1856 | D:2      | Learned a level 2 spell: Scorch
  1895 | D:2      | Reached XP level 5. HP: 28/28 MP: 7/7
  1897 | D:2      | Offered knowledge of Searing Ray by Vehumet.
  1911 | D:2      | Learned a level 2 spell: Searing Ray
  1965 | D:2      | Noticed Natasha
  1999 | D:2      | Killed Natasha
  1999 | D:2      | Reached ** piety under Vehumet
  2314 | D:2      | HP: 1/28 [gnoll/+0 spear (4)]
  2315 | D:2      | Reached skill level 1 in Conjurations
  2520 | D:3      | Reached skill level 1 in Short Blades
  2520 | D:3      | Reached XP level 6. HP: 29/32 MP: 2/9
  2817 | D:3      | Reached skill level 1 in Armour
  2820 | D:3      | Found a shimmering altar of Xom.
  2878 | D:3      | Offered knowledge of Stone Arrow by Vehumet.
  3031 | D:3      | Noticed Ijyb
  3096 | D:3      | Killed Ijyb
  3521 | D:2      | Noticed Natasha
  3527 | D:2      | Killed Natasha
  3720 | D:3      | Reached skill level 1 in Fire Magic
  4150 | D:3      | Reached XP level 7. HP: 30/37 MP: 11/11
  4152 | D:3      | Reached *** piety under Vehumet
  4299 | D:2      | Noticed Natasha
  4310 | D:2      | Killed Natasha
  4815 | Temple   | Offered knowledge of Dazzling Flash by Vehumet.
  4836 | D:5      | Gained mutation: You have razor-sharp teeth. [Vine Stalker
                  | growth]
  4836 | D:5      | Reached XP level 8. HP: 40/42 MP: 13/13
  5107 | D:5      | Found a sparkling altar of Nemelex Xobeh.
  5351 | D:6      | Reached skill level 5 in Fighting
  5524 | D:6      | Reached **** piety under Vehumet
  6038 | D:6      | Offered knowledge of Ignite Poison by Vehumet.
  6043 | D:6      | Reached XP level 9. HP: 42/47 MP: 13/15
  6044 | D:6      | Learned a level 3 spell: Ignite Poison
  6162 | D:6      | Reached skill level 1 in Throwing
  6633 | D:7      | Found a runed translucent gate.
  6638 | D:7      | Found a snail-covered altar of Cheibriados.
  6659 | D:7      | Found a runed translucent door.
  6659 | D:7      | Noticed a sixfirhy
  6665 | D:7      | Found a runed translucent gate.
  6665 | D:7      | Found a runed translucent gate.
  7051 | D:7      | Noticed Maggie
  7098 | D:7      | Noticed pokeman's ghost (novice DEHW)
  7446 | D:8      | Reached skill level 5 in Long Blades
  7548 | D:8      | Noticed Erica
  7554 | D:8      | Killed Erica
  7555 | D:8      | Reached XP level 10. HP: 53/53 MP: 15/17
  7646 | D:8      | Found Wodwah's Jewellery Boutique.
  7727 | D:8      | Found Maexuqay's Antique Armour Boutique.
  7956 | D:8      | Found a shadowy altar of Dithmenos.
  8303 | D:9      | Found a runed translucent door.
  8304 | D:9      | Noticed cheesebisquit's ghost (novice MiFi)
  8348 | D:9      | Reached skill level 5 in Spellcasting
  8409 | D:9      | Found a hazy altar of Hepliaklqana.
  8414 | D:9      | Noticed Joseph
  8431 | D:9      | Reached skill level 1 in Poison Magic
  8440 | D:9      | Noticed Erolcha
  8450 | D:10     | Entered Level 10 of the Dungeon
  8476 | D:10     | Reached skill level 1 in Transmutations
  8486 | D:10     | Reached skill level 5 in Conjurations
  8504 | D:10     | Noticed Urug
  8625 | D:9      | Killed Joseph
  8755 | D:9      | Killed Erolcha
  9178 | D:9      | Found an ornate altar of the Wu Jian Council.
  9302 | D:10     | Reached XP level 11. HP: 50/56 MP: 16/20
  9353 | D:9      | Reached ***** piety under Vehumet
  9823 | D:1      | Bought an amulet of magic regeneration for 300 gold pieces
  9989 | D:7      | Killed Maggie
 10146 | D:10     | Noticed Maurice
 10248 | D:10     | Killed Urug
 10288 | D:10     | Killed Maurice
 10391 | D:10     | Found a staircase to the Lair.
 10413 | D:10     | Noticed Gastronok
 10443 | D:10     | Killed Gastronok
 10443 | D:10     | Offered knowledge of Iskenderun's Battlesphere by Vehumet.
 10538 | D:10     | Noticed Josephine
 10564 | D:10     | Killed Josephine
 10575 | D:9      | Reached skill level 1 in Evocations
 10714 | Lair:1   | Entered Level 1 of the Lair of Beasts
 10936 | Lair:1   | Reached skill level 5 in Fire Magic
 10951 | Lair:1   | Reached XP level 12. HP: 44/62 MP: 22/22
 12150 | Lair:1   | Reached skill level 5 in Short Blades
 12388 | Lair:2   | Found a burning altar of Makhleb.
 12695 | Lair:3   | Reached skill level 10 in Stealth
 13070 | Lair:2   | Paralysed by a hornet for 1 turns
 13740 | D:11     | Noticed a two-headed ogre
 13744 | D:11     | Killed a two-headed ogre
 13745 | D:11     | Reached XP level 13. HP: 68/68 MP: 25/25
 13766 | D:11     | Learned a level 3 spell: Swiftness
 13821 | D:11     | Learned a level 5 spell: Irradiate
 13840 | D:11     | Reached skill level 1 in Air Magic
 14579 | D:12     | Reached skill level 1 in Shields
 14636 | D:12     | Reached skill level 5 in Transmutations
 14656 | D:12     | HP: 3/68 [large slime creature (28)]
 14965 | D:12     | Offered knowledge of Fireball by Vehumet.
 15519 | D:12     | Found a staircase to the Orcish Mines.
 15727 | D:12     | Reached skill level 5 in Poison Magic
 15812 | D:12     | Learned a level 5 spell: Fireball
 16341 | Lair:2   | Found a staircase to the Snake Pit.
 16764 | Lair:2   | Reached skill level 5 in Dodging
 17205 | Lair:2   | Found a staircase to the Shoals.
 17266 | Lair:2   | Learned a level 3 spell: Vampiric Draining
 17596 | Lair:3   | Reached skill level 1 in Necromancy
 17611 | Lair:3   | Offered knowledge of Orb of Destruction by Vehumet.
 17873 | Lair:3   | Reached XP level 14. HP: 63/74 MP: 21/27
 18353 | Lair:4   | Reached skill level 1 in Earth Magic
 19282 | Orc:1    | Entered Level 1 of the Orcish Mines
 19852 | Orc:1    | Identified the +2 robe of Death's Door {rPois}
 19877 | Orc:1    | Noticed an orc warlord
 19884 | Orc:1    | HP: 2/74 [orc wizard/puff of flame (6)]
 20202 | Orc:1    | Gained mutation: You are vulnerable to heat. (rF-) [a
                  | neqoxec]
 20203 | Orc:1    | Gained mutation: Your magical capacity is low. (-10% MP) [a
                  | neqoxec]
 20324 | Orc:1    | Killed an orc warlord
 20903 | Lair:5   | Entered Level 5 of the Lair of Beasts
 21311 | Lair:5   | Offered knowledge of Lightning Bolt by Vehumet.
 21330 | Lair:5   | Reached skill level 10 in Spellcasting
 21393 | Lair:5   | Found a large runed translucent door.
 21459 | Lair:5   | HP: 2/74 [molten gargoyle/+0 mace (4)]
 21784 | Lair:5   | Reached XP level 15. HP: 54/78 MP: 20/27
 22107 | Lair:5   | Lost mutation: Your magical capacity is low. (-10% MP)
                  | [potion of mutation]
 22107 | Lair:5   | Lost mutation: You are vulnerable to heat. (rF-) [potion of
                  | mutation]
 22107 | Lair:5   | Gained mutation: You are clumsy. (Dex -2) [potion of
                  | mutation]
 22114 | Lair:5   | Found a runed translucent door.
 22115 | Lair:5   | Found a viscous altar of Jiyva.
 22218 | Lair:5   | Found a large runed translucent door.
 22220 | Lair:5   | Found a large runed translucent door.
 22221 | Lair:5   | Noticed cforsyth's ghost (journeyman TeSu)
 22644 | Lair:5   | Found a large runed translucent door.
 22837 | Lair:5   | Found a staircase to the Slime Pits.
 23295 | Orc:2    | Entered Level 2 of the Orcish Mines
 23464 | Orc:2    | HP: 4/118 [gnoll/+0 spear (2)]
 23464 | Orc:2    | HP: 1/118 [orc warrior/+0 trident (3)]
 23467 | Orc:2    | Slain by an orc warrior

Illustrated notes

Levels and vault maps discovered:
D:1:      lightli_arrival_quake, layout_rooms, serial_shops,
          nicolae_shop_advertising_works [nicolae_subvault_shop_adworks],
          serial_forest, infiniplex_forest_lined_room_3,
          infiniplex_forest_lined_room_2, infiniplex_forest_straight_3,
          infiniplex_forest_lined_room_2, infiniplex_forest_lined_2,
          infiniplex_forest_lined_room_2, infiniplex_forest_lined_2,
          nrook_loot_triangle, chequers_serial_rivers_micro_a,
          minmay_box_of_dots
D:2:      layout_loops_corners, uniq_natasha
D:3:      kennysheep_the_goblin_king, layout_loops_ring,
          mainiacjoe_overflow_alcove_3, mainiacjoe_overflow_paths,
          lightli_corner_chamber
D:4:      minmay_chambers_of_threes, layout_rooms, due_unseen_surprise
D:5:      layout_basic, overflow_temple_1_default, minmay_temple_entry_wispy
D:6:      layout_basic, chequers_serial_rivers_micro_e, dk_noncrumbling_2
D:7:      cheibrodos_shockbox, layout_basic, cheibrodos_worm_habitat,
          gammafunk_ghost_icy, uniq_maggie
D:8:      layout_basic, lemuel_doored_altar, serial_shops, nicolae_square_shop,
          shop_fountains, uniq_erica
D:9:      layout_rooms, nicolae_wu_jian_wuxing_cycle,
          mainiacjoe_overflow_alcove_2, gammafunk_ghost_grave, uniq_joseph,
          uniq_erolcha
D:10:     layout_loops_cross, grunt_lair_entry_orc_guard_hut, uniq_maurice,
          uniq_gastronok, uniq_josephine, uniq_urug
D:11:     layout_long_grid
D:12:     layout_roguey, kennysheep_orc_monster_closet_entryway
Temple:   minmay_temple_forest_path
Lair:1:   layout_cave_pods, beast_lair_carwin_8
Lair:2:   minmay_lair_venomous_thicket, layout_loops_ring,
          minmay_shoals_entry_centaurs, minmay_snake_entry_six_corridors,
          special_room [special_room_bee], basic_altar, hibernation_bobbens
Lair:3:   dpeg_oklob_gauntlet, layout_gridlike, grunt_megastairs_2
Lair:4:   layout_misc_corridors
Lair:5:   cheibrodos_lair_end_hotspot, layout_loops_ring, slime_entry_2,
          ebering_ghost_disaster_area, infiniplex_staircase_pool_2
Orc:1:    nicolae_orc_accident_3, layout_diamond_mine, basic_altar,
          serial_shops, elves_outpost_lemuel
Orc:2:    grunt_orc_gardens, layout_caves, grunt_orc_garden, grunt_orc_garden,
          grunt_orc_garden, grunt_orc_garden, basic_altar, serial_shops,
          nicolae_shop_waterfront, nicolae_orc_damp_corner

Skill      XL: |  1  2  3  4  5  6  7  8  9 10 11 12 13 14 15 |
---------------+----------------------------------------------+-----
Long Blades    | 2 3 5 6 8 9 |  9.9
Fighting       | 3 4 5 6 7 8 9 |  9.0
Spellcasting   | 1 2 3 4 5 6 7 8 10 | 10.5
Stealth        | 7 8 9 10 | 10.1
Conjurations   | 1 2 3 4 5 6 |  6.6
Short Blades   | 1 2 3 4 5 6 |  6.2
Armour         | 1 2 3 4 |  4.0
Fire Magic     | 1 2 4 5 6 7 |  7.6
Dodging        | 2 3 4 5 |  5.9
Throwing       | 1 3 4 |  4.1
Poison Magic   | 2 4 5 |  5.7
Transmutations | 2 4 5 6 |  6.8
Evocations     | 1 |  1.5
Air Magic      | 3 |  3.2
Shields        | 2 |  2.4
Necromancy     | 1 3 4 |  4.6
Earth Magic    | 3 4 |  4.1

Action                     |  1- 3 |  4- 6 |  7- 9 | 10-12 | 13-15 || total
---------------------------+-------+-------+-------+-------+-------++-------
  Melee: Falchion          |    52 |    64 |    15 |       |       ||   131
         Bite              |     8 |    53 |    75 |   197 |   360 ||   693
         Dagger            |     7 |    97 |   181 |   374 |   753 ||  1412
         Punch             |       |     3 |     4 |    17 |    23 ||    47
         Great sword       |       |       |    20 |       |       ||    20
         Scimitar          |       |       |       |    70 |    83 ||   153
  Throw: Dart              |       |     2 |    22 |    38 |    48 ||   110
         Boomerang         |       |       |       |     1 |    15 ||    16
   Cast: Scorch            |       |     1 |    17 |    24 |    13 ||    55
         Searing Ray       |       |     1 |     2 |     1 |       ||     4
         Ignite Poison     |       |       |       |    47 |   116 ||   163
         Fireball          |       |       |       |       |     2 ||     2
         Vampiric Draining |       |       |       |       |    16 ||    16
         Irradiate         |       |       |       |       |     5 ||     5
         Swiftness         |       |       |       |       |     1 ||     1
  Evoke: Wand              |     1 |     1 |     4 |     4 |    12 ||    22
    Use: Scroll            |     3 |       |    11 |    16 |     7 ||    37
         Potion            |     1 |       |       |     4 |    13 ||    18
   Stab: Sleeping          |     9 |    14 |    16 |    17 |    26 ||    82
         Distracted        |       |     2 |     1 |     1 |     8 ||    12
         Invisible         |       |       |       |     2 |     1 ||     3
         Paralysed         |       |       |       |     1 |     2 ||     3
 Armour: Leather armour    |    13 |    28 |    34 |       |       ||    75
         Steam dragon scal |       |       |     2 |   128 |    97 ||   227
         Robe              |       |       |       |       |    57 ||    57
         Troll leather arm |       |       |       |       |    29 ||    29
         Skin              |       |       |       |       |    75 ||    75
  Dodge: Dodged            |    43 |    75 |   123 |   335 |   555 ||  1131

Table legend: (Time is in decaauts)
 A = Elapsed time spent in this place.
 B = Non-inter-level travel time spent in this place.
 C = Inter-level travel time spent in this place.
 D = Time resting spent in this place.
 E = Time spent auto-exploring this place.
 F = Levels seen in this place.
 G = Mean time per level.
                   A        B        C        D        E       F      G
               +--------+--------+--------+--------+--------+-----+--------+
         Total |  23029 |  21153 |   1876 |   4585 |   5748 |  20 | 1151.4 |
       Dungeon |  13040 |  11877 |   1163 |   1550 |   3522 |  12 | 1086.7 |
        Temple |    191 |    148 |     43 |      9 |    115 |   1 |  191.0 |
          Lair |   8225 |   7632 |    593 |   2512 |   1971 |   5 | 1645.0 |
  Orcish Mines |   1571 |   1495 |     76 |    513 |    139 |   2 |  785.5 |
               +--------+--------+--------+--------+--------+-----+--------+

Top non-repeatable levels by time:
  Lair:1: 2240 daAuts
  Lair:5: 2022 daAuts
  Lair:2: 1685 daAuts
     D:3: 1543 daAuts
   Orc:1: 1529 daAuts
     D:2: 1424 daAuts
  Lair:3: 1212 daAuts
    D:12: 1172 daAuts
    D:11: 1150 daAuts
    D:10: 1135 daAuts
     D:6: 1118 daAuts
  Lair:4: 1064 daAuts
     D:9: 1061 daAuts
     D:7: 1034 daAuts
     D:8: 934 daAuts
